 Dungeon Crawl Stone Soup version 0.31.0-9-g3a7656b989 (webtiles) character file.

Game seed: 2755320913977428208

68 qw the Ducker (level 4, 0/22 HPs)
             Began as a Spriggan Hunter on Feb 2, 2024.
             Killed from afar by an orc wizard (5 damage)
             ... with a puff of flame
             ... on level 3 of the Dungeon.
             The game lasted 00:00:05 (1350 turns).

qw the Ducker (Spriggan Hunter)                     Turns: 1350, Time: 00:00:05

Health: 0/22       AC:  4    Str:  7    XL:     4   Next: 1%
Magic:  5/5        EV: 21    Int: 10    God:
Gold:   155        SH:  0    Dex: 26    Spells: 3/3 levels left

rFire   . . .        a - +0 shortbow (drain)
rCold   . . .        (shield currently unavailable)
rNeg    . . .        c - +0 robe
rPois   +            (helmet restricted)
rElec   .            l - +1 cloak
rCorr   .            (gloves unavailable)
SInv    +            (boots unavailable)
Will    .....        (no amulet)
Stlth   ++           d - +6 ring of dexterity
HPRegen 0.23/turn    g - ring of poison resistance
MPRegen 0.09/turn

%: no passive effects
@: about to teleport, hasted, very quick
A: very small, no large weapons, unfitting armour, see invisible, speed 3, sense
surroundings 1, inability to drink after injury 1
a: no special abilities


You were on level 3 of the Dungeon.
You visited 1 branch of the dungeon, and saw 3 of its levels.

You collected 155 gold pieces.


Innate Abilities, Weirdness & Mutations

You are very small and have problems with some larger weapons.
You are too small for most types of armour.
You have supernaturally acute eyesight. (SInv)
You cover ground extremely quickly. (Speed+++)
You passively map a small area around you.
You occasionally lose the ability to drink potions when taking damage.


   Skills:
 - Level 1.5 Fighting
 + Level 4.5 Ranged Weapons
 - Level 5.0 Dodging
 - Level 1.5 Stealth


You had 3 spell levels left.
You didn't know any spells.
Your spell library was empty.

Inventory:

Hand Weapons
 a - a +0 shortbow of draining (weapon)
Armour
 c - a +0 robe (worn)
 j - a scarf of repulsion
 l - a +1 cloak (worn)
Jewellery
 d - a +6 ring of dexterity (left hand)
 g - a ring of poison resistance (right hand)
Scrolls
 e - a scroll of poison {unknown}
Potions
 f - a potion of cancellation
 h - a potion of might

Dungeon Overview and Level Annotations

Branches:
Dungeon (3/15)

Altars:
Qazlal


Message History

You drain the orc wizard.
The orc wizard is moderately wounded.
The orc wizard points at you and mumbles some strange words.
You are confused.
1338 ||| DRINKING inky potion.
It was a potion of mutation.
You feel extremely strange.
You occasionally lose the ability to drink potions when taking damage.
You feel a strange attunement to the structure of the dungeons.
The orc wizard misses you.
1339 ||| DRINKING fuming clear potion.
It was a potion of heal wounds.
You feel much better. The orc wizard casts a spell at you.
The magic dart hits you.
1340 ||| DRINKING sapphire potion.
It was a potion of haste.
You feel yourself speed up.
The orc wizard casts a spell.
The orc wizard flickers and vanishes for a moment.
The orc barely misses you. The orc hits you with a +0 whip.
You feel less confused. The orc hits you with a +0 whip.
You shoot an arrow. The arrow hits the orc.
The orc is almost dead.
The orc barely misses you.
You shoot an arrow. The arrow hits the orc.
You kill the orc!
You have reached level 4!
You shoot an arrow.
The arrow hits the orc wizard but does no damage.
The orc wizard is moderately wounded.
The orc wizard gestures at you while chanting.
The magic dart hits you!
1349 ||| READING scroll of teleportation.
As you read the scroll of teleportation, it crumbles to dust.
You feel strangely unstable.
You shoot an arrow.
The arrow closely misses the orc wizard.
The orc wizard gestures at you while chanting.
The puff of flame hits you.
You die...

, ####.... *
#.......##...##....
, +.......
#.#.##.... #.)....
#.#.##....
#......)##.#.###...
,
#..................
, ...
....#...#.#..# ,
*#o#*#+#.#...#.#..#
, #@#
#.#.#.#.#.#### ,
#.# #.#.....#.##.#
, , * #.#
#.#...###.##.# #.#
#.#......[##.# , *
#.###.#..#######..
#.#............#.#
#.##..##.#####)#.#
* * #.##.#%#.#
##+#.# + #.##.#.#.#
#....#


You could see an orc wizard (invisible, very drained).

Vanquished Creatures
  2 adders (D:3)
  A ribbon worm (D:2)
  3 orcs (D:3)
  A ball python (D:3)
  3 bats
  5 endoplasms
  4 giant cockroaches
  6 goblins
  2 hobgoblins (D:1)
  3 frilled lizards
  9 kobolds
  4 rats
43 creatures vanquished.

Notes
Turn   | Place    | Note
-------+----------+-------------------------------------------
     0 | D:1      | qw the Spriggan Hunter began the quest for the Orb.
     0 | D:1      | Reached XP level 1. HP: 10/10 MP: 2/2
     0 | D:1      | 0 ||| qw: Version: 0.3-a-155-g5e7d8dd
     0 | D:1      | 0 ||| qw: Game counter: 2078
     0 | D:1      | 0 ||| qw: Melee chars always use a shield: true
     0 | D:1      | 0 ||| qw: God list: Okawaru
     0 | D:1      | 0 ||| qw: Allow faded altars: false
     0 | D:1      | 0 ||| qw: Do Orc after clearing Dungeon:15 true
     0 | D:1      | 0 ||| qw: Do second Lair branch before Depths: true
     0 | D:1      | 0 ||| qw: Lair rune preference: random
     0 | D:1      | 0 ||| qw: Goals: Normal
     0 | D:1      | 0 ||| PLANNING D:1-11
    31 | D:1      | Reached skill level 3 in Dodging
    56 | D:1      | Reached XP level 2. HP: 14/14 MP: 3/3
   181 | D:1      | Reached skill level 4 in Dodging
   556 | D:1      | 556 ||| DROPPING scarf of invisibility.
   557 | D:1      | 557 ||| READING scroll labelled OGEMOZXIETO.
   558 | D:1      | 558 ||| READING scroll labelled OFEUTA GAZAUDU.
   558 | D:1      | 558 ||| BRANDING +0 shortbow.
   559 | D:1      | 559 ||| READING scroll labelled KOSCHY KYOL.
   559 | D:1      | 559 ||| IDENTIFYING yellow potion
   560 | D:1      | 560 ||| READING scroll labelled ITIORA VANAG.
   587 | D:1      | 587 ||| READING scroll labelled UXKICRI OHEBEA.
   591 | D:1      | 591 ||| DRINKING 2 coppery potions.
   592 | D:1      | 592 ||| DROPPING scroll of butterflies.
   634 | D:2      | Found a stormy altar of Qazlal.
   882 | D:2      | Reached XP level 3. HP: 18/18 MP: 4/4
   947 | D:2      | 947 ||| UPGRADING to +0 cloak.
   952 | D:2      | 952 ||| UPGRADING to +6 ring of dexterity.
   953 | D:2      | 953 ||| UPGRADING to ring of poison resistance.
   954 | D:2      | 954 ||| READING scroll labelled GITYGA DAULU.
   954 | D:2      | 954 ||| ENCHANTING +0 cloak.
   955 | D:2      | 955 ||| READING scroll labelled CAOBAEBIONK.
  1006 | D:3      | Identified the +4 mace of Polosacle {flame, Will+ Int+2
                  | Stlth+}
  1243 | D:3      | Reached skill level 5 in Dodging
  1338 | D:3      | 1338 ||| DRINKING inky potion.
  1338 | D:3      | Gained mutation: You occasionally lose the ability to drink
                  | potions when taking damage. [potion of mutation]
  1338 | D:3      | Gained mutation: You passively map a small area around you.
                  | [potion of mutation]
  1339 | D:3      | 1339 ||| DRINKING fuming clear potion.
  1340 | D:3      | 1340 ||| DRINKING sapphire potion.
  1348 | D:3      | Reached XP level 4. HP: 12/22 MP: 5/5
  1348 | D:3      | HP: 5/22 [orc wizard/magic dart (7)]
  1349 | D:3      | 1349 ||| READING scroll of teleportation.
  1350 | D:3      | Killed from afar by an orc wizard

Levels and vault maps discovered:
D:1:      eino_arrival_water_cross, layout_loops_cross
D:2:      layout_rooms, basic_altar
D:3:      layout_basic, hangedman_decor_push

Skill      XL: |  1  2  3 |
---------------+----------+-----
Dodging        | 3 4 5 |  5.0
Fighting       | |  1.5
Ranged Weapons | |  4.5
Stealth        | |  1.5

Action                     |  1- 3 |  4- 6 || total
---------------------------+-------+-------++-------
   Fire: Shortbow          |    76 |     2 ||    78
    Use: Scroll            |     7 |     1 ||     8
         Potion            |     4 |       ||     4
 Armour: Robe              |     5 |     2 ||     7
  Dodge: Dodged            |     9 |       ||     9

Table legend:
 A = Non-vault XP
 B = Vault XP
 C = Vault XP percentage of total XP
 D = Non-vault monster count
 E = Vault monster count
 F = Vault count percentage of total count
                 A         B        C        D         E       F
            +---------+---------+-------+---------+---------+-------
      Total |      98 |       0 |   0.0 |      43 |       0 |   0.0
            +---------+---------+-------+---------+---------+-------
        D:1 |      35 |       0 |   0.0 |      23 |       0 |   0.0
        D:2 |      10 |       0 |   0.0 |       4 |       0 |   0.0
        D:3 |      53 |       0 |   0.0 |      16 |       0 |   0.0
            +---------+---------+-------+---------+---------+-------
